Map: [ESL] Waterfall

Players

Has

  • Race: Protoss Protoss
  • Spawn Location: 1:00

Nice - Winner!

  • Race: Protoss Protoss
  • Spawn Location: 7:00

Event: DreamHack SC2 Masters 2022 Atlanta (Online)

VOD

Have the link to the VOD?

Description

Time

  • Played on: Oct. 2, 2022, 8:30 a.m.
  • Length: 6:53

All games in this series

Show
View Real Time Build Order
Export as new Build Order

Has Protoss 

Build Orders: 1 Gate Expand, Proxy Void Ray 

Get SALT Encoding   

  12  0:01  Probe  
  13  0:13  Probe  
  14  0:19  Pylon  
  14  0:25  Probe (Chrono Boost)  
  15  0:39  Gateway, Probe (Chrono Boost)  
  16  0:45  Probe (Chrono Boost)  
  16  0:47  Assimilator  
  17  0:53  Probe  
  17  0:56  Assimilator  
  18  1:06  Probe  
  19  1:26  Nexus  
  19  1:35  Cybernetics Core  
  19  1:38  Probe  
  20  1:46  Pylon  
  20  1:50  Probe  
  21  2:02  Probe  
  22  2:14  Probe  
  23  2:16  Stargate  
  23  2:22  Shield Battery  
  23  2:26  Probe, Stalker  
  26  2:38  Probe  
  26  2:40  Probe  
  28  2:50  Probe  
  29  2:52  Probe  
  30  3:03  Probe  
  30  3:05  Void Ray (Chrono Boost)  
  35  3:08  Probe  
  35  3:11  Shield Battery  
  36  3:15  Probe  
  37  3:22  Robotics Facility  
  37  3:26  Shield Battery  
  37  3:39  Shield Battery  
  41  3:42  Void Ray (Chrono Boost)  
  41  3:46  Pylon  
  41  3:50  Pylon  
  41  3:58  Pylon  
  41  4:07  Immortal (Chrono Boost)  
  44  4:21  Shield Battery  
  44  4:27  Gateway  
  44  4:29  Gateway  
  44  4:38  Pylon  
  44  4:42  Pylon  
  44  4:47  Shield Battery  
  44  4:48  Shield Battery  
  44  4:49  Immortal (Chrono Boost)  
  39  5:08  Probe  
  39  5:11  Probe  
  33  5:17  Warp Prism (Chrono Boost)  
  33  5:20  Probe  
  33  5:36  Pylon  
  33  5:52  Immortal (Chrono Boost)  
  38  6:04  Pylon  
  37  6:16  Probe, Cybernetics Core  
  37  6:23  Pylon  
Show
View Real Time Build Order
Export as new Build Order

Nice Protoss - Winner!

Build Orders:  

Get SALT Encoding   

  12  0:00  Probe  
  13  0:12  Probe  
  14  0:17  Pylon  
  14  0:24  Probe (Chrono Boost)  
  16  0:37  Probe (Chrono Boost), Gateway  
  16  0:42  Probe (Chrono Boost)  
  16  0:46  Assimilator  
  17  0:52  Probe (Chrono Boost)  
  17  0:54  Assimilator  
  18  1:04  Probe (Chrono Boost)  
  18  1:10  Gateway  
  19  1:14  Probe (Chrono Boost)  
  20  1:21  Probe  
  21  1:28  Cybernetics Core  
  21  1:33  Probe  
  22  1:40  Pylon  
  22  1:45  Probe  
  23  2:01  Warp Gate (Chrono Boost)  
  23  2:02  Probe  
  23  2:04  Stalker x2  
  28  2:12  Pylon  
  28  2:34  Stalker x2  
  32  2:40  Pylon  
  32  2:55  Gateway  
  32  2:59  Gateway  
  32  3:07  Stalker  
  32  3:10  Stalker  
  36  3:17  Pylon  
  36  3:48  Stalker  
  36  3:49  Stalker x2  
  36  3:51  Stalker  
  44  4:19  Stalker x3  
  44  4:24  Stalker  
  48  4:47  Stalker x3  
  44  5:19  Stalker  
  44  5:20  Sentry, Stalker x2  
  48  5:39  Stargate  
  48  5:44  Adept  
  48  5:45  Adept  
  48  6:10  Nexus  
  46  6:16  Adept x2  
  50  6:26  Phoenix (Chrono Boost)  
Tags
 
Add a new tag
Caveats
  • Supply blocks, unpowered buildings, or Contaminate may cause inaccurate times.
  • Supply counts are checked every 10 seconds.